 Dungeon Crawl Stone Soup version 0.29-a0-819-g94b489e0ae (webtiles) character file.

Game seed: 3206277879780523881

212712 Morbidden the Thaumaturge (level 18, -10/134 HPs)
             Began as a Demonspawn Conjurer on July 6, 2022.
             Was the Champion of Cheibriados.
             Killed from afar by a nagaraja (19 damage)
             ... with a poison arrow
             ... on level 4 of the Snake Pit on July 7, 2022.
             The game lasted 01:18:45 (42152 turns).

Morbidden the Thaumaturge (Demonspawn Conjurer)    Turns: 42152, Time: 01:18:46

Health: -10/134    AC: 22    Str: 19    XL:     18   Next: 62%
Magic:  6/35       EV: 17    Int: 54    God:    Cheibriados [******]
Gold:   1088       SH:  9    Dex: 27    Spells: 15/44 levels left

rFire   + . .      SeeInvis .   a - +10 scimitar "Piammor" {freeze, rPois Str-4 Int+3}
rCold   + . .      Faith    .   P - +2 buckler {rC+}
rNeg    . . .      Spirit   .   u - +3 chain mail {rF+}
rPois   +          Reflect  .   Q - +2 helmet {Int+3}
rElec   .          Harm     .   J - +1 cloak of Starlight {*Dazzle EV+4 Stlth--}
rCorr   .          Rampage  .   y - +1 pair of gloves
Will    +....      NoTele   +   (boots unavailable)
Stlth   ..........              N - amulet of magic regeneration
HPRegen 0.32/turn               M - +4 ring of slaying
MPRegen 0.64/turn               g - +6 ring of intelligence

@: lethally poisoned (-10 -> -17), untranslocatable, studying Long Blades, very
slow
A: hooves 3, spiny 2, sharp scales 2, demonic magic 2
a: Renounce Religion, Bend Time, Temporal Distortion, Slouch, Step From Time


You were on level 4 of the Snake Pit.
You worshipped Cheibriados.
Cheibriados was exalted by your worship.
You visited 5 branches of the dungeon, and saw 28 of its levels.
You also visited: Ice Cave.

You collected 3670 gold pieces.
You spent 2582 gold pieces at shops.

Inventory:

Hand Weapons
 a - the +10 scimitar "Piammor" (weapon) {freeze, rPois Str-4 Int+3}
   (You found it on level 6 of the Lair of Beasts)

   It freezes those it strikes, dealing additional cold damage.
   It can also slow down cold-blooded creatures.
   Str:       It affects your strength (-4).
   Int:       It affects your intelligence (+3).
   rPois:     It protects you from poison.
 b - a +5 dagger of venom
 W - a +4 scimitar of venom
Missiles
 r - 6 javelins
 s - 107 poisoned darts (quivered)
 O - 14 curare-tipped darts
Armour
 u - a +3 chain mail of fire resistance (worn)
 v - a +0 tower shield
 y - a +1 pair of gloves (worn)
 J - the +1 cloak of Starlight (worn) {*Dazzle EV+4 Stlth--}
   (You bought it in a shop on level 10 of the Dungeon)

   It may blind those who miss an attack against the wearer in melee combat.
   EV:        It affects your evasion (+4).
   Stlth:     It makes you much less stealthy.
 P - a +2 buckler of cold resistance (worn)
 Q - a +2 helmet of intelligence (worn)
Jewellery
 g - a +6 ring of intelligence (right hand)
 E - a ring of fire
 M - a +4 ring of slaying (left hand)
 N - an amulet of magic regeneration (around neck)
 T - a ring of protection from cold
Wands
 w - a wand of acid (9)
 z - a wand of paralysis (20)
 F - a wand of flame (33)
 I - a wand of iceblast (2)
 U - a wand of digging (7)
 Z - a wand of mindburst (10)
Scrolls
 c - 6 scrolls of teleportation
 h - 14 scrolls of identify
 j - 5 scrolls of magic mapping
 k - 4 scrolls of blinking
 m - 6 scrolls of enchant armour
 n - 5 scrolls of silence
 o - 4 scrolls of amnesia
 t - 2 scrolls of fog
 A - a scroll of enchant weapon
 K - a scroll of fear
 R - a scroll of poison
 S - 3 scrolls of immolation
Potions
 d - 6 potions of attraction
 e - 8 potions of curing
 i - 8 potions of flight
 l - 5 potions of haste
 p - a potion of heal wounds
 q - 3 potions of ambrosia {unknown}
 x - 2 potions of might {unknown}
 B - 2 potions of mutation {unknown}
 C - 7 potions of lignification {unknown}
 D - a potion of resistance
 G - 2 potions of invisibility {unknown}
 H - 8 potions of brilliance {unknown}
 V - 2 potions of magic
 Y - a potion of berserk rage
Miscellaneous
 f - a box of beasts
 L - a tin of tremorstones (2/2)
 X - a lightning rod (2/4)


   Skills:
 * Level 9.8 Fighting
 + Level 7.9(10.4) Short Blades
 * Level 10.8(11.8) Long Blades
 + Level 1.3 Throwing
 * Level 5.2 Armour
 * Level 8.9 Dodging
 + Level 7.8 Stealth
 * Level 4.7 Shields
 * Level 13.7 Spellcasting
 * Level 11.9 Conjurations
 * Level 8.4 Hexes
 * Level 3.4 Necromancy
 + Level 10.6 Translocations
 * Level 2.6 Transmutations
 * Level 11.2 Invocations
 * Level 9.7 Evocations


You had 15 spell levels left.
You knew the following spells:

 Your Spells              Type           Power      Damage    Failure   Level
a - Magic Dart            Conj           100%       1d8       1%          1
b - Searing Ray           Conj           100%       2d8       1%          2
c - Irradiate             Conj/Tmut      43%        3d27      9%          5
d - Necromutation         Tmut/Necr      31%        N/A       100%        8
s - Fulminant Prism       Conj/Hex       49%        3d21      1%          4
x - Iskenderun's Mystic   Conj/Tloc      100%       2d19      1%          4
z - Manifold Assault      Tloc           100%       N/A       2%          5

Your spell library contained the following spells:

 Spells                   Type           Power      Damage    Failure   Level
 Apportation              Tloc           100%       N/A       1%          1
 Necrotise                Necr           100%       1d9       1%          1
 Blink                    Tloc           100%       N/A       1%          2
 Dazzling Flash           Conj/Hex       100%       N/A       1%          3
 Gell's Gravitas          Tloc           100%       N/A       1%          3
 Teleport Other           Tloc           100%       N/A       1%          3
 Sting                    Tmut/Pois      100%       1d8       3%          1
 Mephitic Cloud           Conj/Pois/Air  68%        N/A       3%          3
 Passwall                 Tmut/Erth      42%        N/A       5%          2
 Hailstorm                Conj/Ice       79%        3d16      5%          4
 Summon Small Mammal      Summ           100%       N/A       6%          1
 Poisonous Vapours        Pois/Air       74%        N/A       10%         2
 Spider Form              Tmut/Pois      51%        N/A       11%         3
 Dispersal                Tloc           50%        N/A       12%         6
 Ignite Poison            Fire/Tmut/Pois 46%        N/A       13%         3
 Dispel Undead            Necr           65%        3d22      16%         4
 Summon Forest            Summ/Tloc      38%        N/A       19%         5
 Summon Mana Viper        Hex/Summ       70%        N/A       30%         5
 Ice Form                 Ice/Tmut       51%        N/A       34%         4
 Freezing Cloud           Conj/Ice/Air   34%        6-21      34%         5
 Corpse Rot               Necr/Pois/Air  49%        N/A       36%         4
 Summon Lightning Spire   Summ/Air       37%        N/A       52%         4
 Death Channel            Necr           32%        N/A       93%         6
 Eringya's Noxious Bog    Tmut/Pois      25%        N/A       99%         6
 Simulacrum               Ice/Necr       26%        N/A       99%         6
 Statue Form              Tmut/Erth      34%        N/A       99%         6
 Summon Cactus Giant      Summ           18%        N/A       100%        6
 Storm Form               Tmut/Air       25%        N/A       100%        7
 Summon Hydra             Summ           18%        N/A       100%        7
 Borgnjor's Revivificati  Necr           32%        N/A       100%        8
 Maxwell's Capacitive Co  Air            18%        ∞         100%        8
 Chain Lightning          Conj/Air       39%        3d52      100%        9
 Death's Door             Necr           32%        N/A       100%        9
 Fire Storm               Conj/Fire      39%        8d10      100%        9
 Shatter                  Erth           18%        3d17*     100%        9


Dungeon Overview and Level Annotations

Branches:
Dungeon (15/15)            Temple (1/1) D:7            Lair (6/6) D:10
 Shoals (0/4) Lair:2        Snake (4/4) Lair:2          Orc (2/2) D:12
    Elf (0/3) Orc:2        Vaults (0/5) D:14         Depths (0/4) D:15
  IceCv (visited)
  Slime: Lair:5-6

Altars:
Ashenzari
Cheibriados
Dithmenos
Fedhas
Hepliaklqana
Makhleb
Nemelex Xobeh
Okawaru
Ru
Trog
Uskayaw
Vehumet
Wu Jian
Xom
Jiyva

Shops:
D:10 :[![   D:14 (:?   D:15 *   Orc:2 (!:(*:   Snake:2 !*!*

Annotations:
D:3 3 runed translucent doors, Smoky173's ghost, amateur DsTm
D:5 1 runed translucent door
D:9 Erolcha
D:10 2 transporters, Dritkant's ghost, journeyman GnHu
Lair:5 exclusion: oklob plant
Lair:6 exclusion: oklob plant


Innate Abilities, Weirdness & Mutations

You have hooves in place of feet.
You are mostly covered in sharp spines.
You are mostly covered in razor-sharp scales. (AC +2, Slay +2)
Spells you cast may paralyse nearby enemies.


Message History

The nagaraja hits you with a +0 halberd!!
* * * LOW HITPOINT WARNING * * *
Things that are here:
a +2 whip of venom; a +0 robe; a naga corpse You are too injured to fight recklessly!
Unknown command.
Unknown command.
You feel sick.
The nagaraja gestures at you while chanting.
You feel firmly anchored in space. The nagaraja is struck by your spines.
The nagaraja hits you with a +0 halberd!
* * * LOW HITPOINT WARNING * * *
The nagaraja spits poison at you. The splash of poison misses you.
Unknown command.
Unknown command.
Unknown command.
Unknown command.
Unknown command.
Unknown command.
You feel much better. The nagaraja is struck by your spines.
The nagaraja hits you with a +0 halberd!
* * * LOW HITPOINT WARNING * * *
Unknown command.
Unknown command.
Unknown command.
Unknown command.
Unknown command.
You cannot blink because you are locked down by a dimension anchor.
You feel sick.
You are no longer poisoned.
The nagaraja no longer looks unusually strong.
You block the nagaraja's attack.
The nagaraja hits you with a +0 halberd.
* * * LOW HITPOINT WARNING * * *
The nagaraja gestures at you while chanting.
The poison arrow hits you!!
You are poisoned.
You partially resist.
You die...

..#.###...........###
.[###.....(.........##
†.##.)...#######.....#
..#.....##.....###...##
.......##........##...#
......##..........#...##
.....##....###.†..##...#
....##....## ##)†..#...#
...###...## ##@..#...#
..###...## #N..#...# ..#
#...# #...#...# ..#
#...# ....##...# ..#
#...## ......#...## ..#
#....#.......##...#
..####...###....##...##
..#..#.....######)...#
..#..##...).........##


You could see a nagaraja (fast, catching breath).

Vanquished Creatures
  Rupert (D:14)
  Gastronok (Lair:1)
  13 nagarajas (Snake:4)
  Roxanne (Snake:2)
  5 orc warlords
  A reaper (IceCv)
  A stone giant (D:15)
  Josephine (D:11)
  A fire dragon (D:15)
  An ettin (Orc:2)
  7 hydras
  5 salamander tyrants
  2 boulder beetles
  2 ogre magi (Orc:2)
  A catoblepas (Lair:6)
  14 anacondas
  3 centaur warriors
  14 two-headed ogres
  23 naga warriors
  A tengu warrior (D:15)
  14 death yaks
  14 naga sharpshooters
  Urug (D:11)
  An orc high priest (Orc:1)
  10 shock serpents
  Sonja (Lair:1)
  7 salamander mystics
  4 skeletal warriors (D:14)
  A steelbarb worm (shapeshifter) (D:14)
  2 deep trolls (Orc:2)
  5 naga ritualists
  An orange crystal statue (D:13)
  5 orc knights
  2 deep elf pyromancers
  9 mana vipers
  Pikel (D:7)
  20 ugly things
  4 orc sorcerers
  7 manticores
  8 cyclopes
  A wolf spider (D:15)
  21 salamanders
  2 ice statues (IceCv)
  35 black mambas
  2 gargoyles
  9 guardian serpents
  13 naga magi
  Maggie (D:7)
  Psyche (D:9)
  3 rime drakes
  18 cane toads
  An unseen horror (D:10)
  2 efreet
  4 yaktaurs
  2 freezing wraiths
  10 komodo dragons
  An entropy weaver simulacrum (IceCv)
  3 kobold demonologists
  7 ice devils (IceCv)
  3 meliai (D:14)
  2 polar bears
  6 slime creatures
  17 trolls
  2 tyrant leeches (Lair:6)
  A wind drake (Lair:2)
  21 blink frogs
  A jumping spider (shapeshifter) (D:14)
  2 shadows (D:10)
  31 yaks
  7 wraiths
  3 wyverns
  A basilisk (Lair:2)
  A water elemental (D:13)
  A wyvern (shapeshifter) (D:14)
  A golden eye (shapeshifter) (D:14)
  A steam dragon (Lair:3)
  16 humans (D:14)
  5 vampire mosquitoes (Lair:6)
  A harpy simulacrum (IceCv)
  62 nagas
  4 wargs
  2 acid dragons
  17 water moccasins
  Duvessa (D:7)
  2 ice beasts
  A sky beast (D:6)
  30 orc warriors
  23 ogres
  54 wolves
  A boggart (D:13)
  3 centaurs
  A lemure (D:7)
  25 kobold brigands
  A gnoll sergeant (D:8)
  26 bullfrogs
  A necrophage (D:8)
  5 scorpions (D:5)
  2 cane toad simulacra (Lair:3)
  9 wights
  Dowan (D:7)
  An elephant simulacrum (IceCv)
  21 killer bees
  8 electric eels
  6 crimson imps (D:12)
  5 hounds
  3 jellies
  A gnoll bouda (D:6)
  12 orc priests
  5 iguanas
  23 hell rats
  26 orc wizards
  A troll simulacrum (IceCv)
  3 polar bear simulacra
  8 gnolls
  8 adders
  A river rat (D:10)
  A shadow imp (D:8)
  4 white imps
  3 ufetubi
  2 worms (D:2)
  3 dart slugs
  88 orcs
  7 ball pythons
  8 bats
  8 endoplasms
  11 giant cockroaches
  8 goblins
  8 hobgoblins
  3 jackals
  21 kobolds
  6 quokkas
  3 frilled lizards
  9 rats
  A butterfly (D:5)
  A fulminant prism (IceCv)
1072 creatures vanquished.

Vanquished Creatures (collateral kills)
  A nagaraja (Snake:4)
  Aizul (Snake:4)
  A cane toad (Lair:6)
  A blink frog (Lair:6)
4 creatures vanquished.

Vanquished Creatures (others)
  26 fulminant prisms
  46 fungi
  150 plants
222 creatures vanquished.

Grand Total: 1298 creatures vanquished

Notes
Turn   | Place    | Note
-------+----------+-------------------------------------------
     0 | D:1      | Morbidden the Demonspawn Conjurer began the quest for the
                  | Orb.
     0 | D:1      | Reached XP level 1. HP: 13/13 MP: 3/3
   404 | D:1      | Gained mutation: Spells you cast may paralyse adjacent
                  | enemies. [demonic ancestry]
   404 | D:1      | Reached XP level 2. HP: 20/20 MP: 0/5
   798 | D:1      | Gained mutation: You are partially covered in razor-sharp
                  | scales. (AC +1, Slay +1) [demonic ancestry]
   798 | D:1      | Reached XP level 3. HP: 25/25 MP: 0/6
  1942 | D:2      | Reached skill level 1 in Fighting
  1942 | D:2      | Gained mutation: You have large cloven feet. [demonic
                  | ancestry]
  1942 | D:2      | Reached XP level 4. HP: 21/32 MP: 4/7
  2849 | D:3      | Found a faded altar of an unknown god.
  2871 | D:3      | Learned a level 4 spell: Iskenderun's Mystic Blast
  3116 | D:3      | Found a runed translucent gate.
  3116 | D:3      | Found a runed translucent gate.
  3116 | D:3      | Found a runed translucent gate.
  3116 | D:3      | Noticed Smoky173's ghost (amateur DsTm)
  3267 | D:3      | Learned a level 2 spell: Searing Ray
  4020 | D:4      | Gained mutation: You are partially covered in sharp spines.
                  | [demonic ancestry]
  4020 | D:4      | Reached XP level 5. HP: 33/37 MP: 5/9
  4216 | D:4      | Reached skill level 1 in Armour
  4216 | D:4      | Reached skill level 3 in Spellcasting
  4323 | D:4      | Paralysed by a hobgoblin for 3 turns
  4484 | D:4      | Reached skill level 1 in Translocations
  4484 | D:4      | Gained mutation: You have hoof-like feet. [demonic
                  | ancestry]
  4484 | D:4      | Reached XP level 6. HP: 44/44 MP: 4/10
  4701 | D:5      | Entered Level 5 of the Dungeon
  4713 | D:5      | Reached skill level 5 in Conjurations
  4719 | D:5      | Reached skill level 1 in Short Blades
  4734 | D:5      | Noticed an ice beast
  4761 | D:5      | Killed an ice beast
  4762 | D:5      | Reached skill level 1 in Evocations
  5015 | D:5      | Found a hazy altar of Hepliaklqana.
  5147 | D:5      | Reached XP level 7. HP: 51/51 MP: 5/11
  5563 | D:5      | Found a runed translucent door.
  5565 | D:5      | Found a runed translucent door.
  6241 | D:6      | Gained mutation: You have hooves in place of feet. [demonic
                  | ancestry]
  6241 | D:6      | Reached XP level 8. HP: 58/58 MP: 3/13
  6609 | D:6      | Reached skill level 4 in Spellcasting
  6937 | D:7      | Reached skill level 5 in Stealth
  7008 | D:7      | Found a staircase to the Ecumenical Temple.
  7023 | D:7      | Noticed Maggie
  7030 | Temple   | Entered the Ecumenical Temple
  7083 | Temple   | Became a worshipper of Cheibriados the Contemplative
  7216 | D:7      | Noticed Dowan
  7224 | D:7      | Noticed Duvessa
  7235 | D:7      | Killed Duvessa
  7239 | D:7      | Killed Dowan
  7372 | D:7      | Gained mutation: You are mostly covered in razor-sharp
                  | scales. (AC +2, Slay +2) [demonic ancestry]
  7372 | D:7      | Reached XP level 9. HP: 61/65 MP: 9/15
  7515 | D:7      | Noticed Pikel
  7541 | D:7      | Killed Pikel
  7542 | D:7      | Reached skill level 1 in Invocations
  8191 | D:7      | Killed Maggie
  8677 | D:8      | Reached skill level 5 in Spellcasting
  8835 | D:8      | Reached skill level 5 in Fighting
  8838 | D:8      | Reached * piety under Cheibriados
  9083 | D:8      | Noticed a two-headed ogre
  9093 | D:8      | Killed a two-headed ogre
  9094 | D:8      | Gained mutation: You are mostly covered in sharp spines.
                  | [demonic ancestry]
  9094 | D:8      | Reached XP level 10. HP: 74/74 MP: 10/17
  9168 | D:8      | Identified the +1 dagger of Brawling {freeze, Dex+3}
  9194 | D:8      | Reached skill level 1 in Long Blades
  9873 | D:9      | Noticed Erolcha
  9926 | D:9      | Found a burning altar of Makhleb.
 10010 | D:9      | Found an ornate altar of the Wu Jian Council.
 10271 | D:9      | Identified the +9 mace of Catic {venom, Dex+3}
 10457 | D:10     | Entered Level 10 of the Dungeon
 10465 | D:10     | Reached skill level 5 in Dodging
 10469 | D:10     | Reached ** piety under Cheibriados
 10470 | D:10     | Reached skill level 5 in Evocations
 10686 | D:10     | Found a staircase to the Lair.
 10687 | D:10     | Noticed a death yak
 10687 | D:10     | Noticed a death yak
 10687 | D:10     | Noticed a death yak
 11086 | D:10     | Reached skill level 6 in Spellcasting
 11243 | D:10     | Reached XP level 11. HP: 79/81 MP: 7/20
 11291 | D:10     | Learned a level 4 spell: Fulminant Prism
 11376 | D:10     | HP: 3/81 [poisoned by a kobold brigand]
 11377 | D:10     | Found Rywkaxef's Distillery.
 11377 | D:10     | Found Delusi's Book Shop.
 11377 | D:10     | Found Lowub's Antique Armour Shop.
 11377 | D:10     | Found Biubikum's Armour Shop.
 11615 | D:10     | Bought the +1 cloak of Starlight {*Dazzle EV+4 Stlth--} for
                  | 366 gold pieces
 11615 | D:10     | Found the +1 cloak of Starlight {*Dazzle EV+4 Stlth--}
 11666 | Lair:1   | Entered Level 1 of the Lair of Beasts
 11812 | Lair:1   | Noticed Sonja
 11822 | Lair:1   | Reached skill level 1 in Hexes
 11823 | Lair:1   | Reached *** piety under Cheibriados
 11835 | Lair:1   | Killed Sonja
 11937 | Lair:1   | Noticed Gastronok
 11957 | Lair:1   | Killed Gastronok
 12091 | Lair:1   | Reached skill level 1 in Throwing
 12698 | Lair:2   | Reached skill level 5 in Invocations
 12871 | Lair:2   | Noticed a six-headed hydra
 12888 | Lair:2   | Reached skill level 7 in Spellcasting
 13037 | Lair:2   | Reached skill level 5 in Translocations
 13627 | Lair:2   | Reached XP level 12. HP: 89/89 MP: 12/22
 13679 | Lair:2   | Reached **** piety under Cheibriados
 14052 | Lair:2   | Killed a six-headed hydra
 14247 | Lair:2   | Found a staircase to the Snake Pit.
 14517 | Lair:2   | Found a staircase to the Shoals.
 14582 | Lair:2   | Identified the +1 robe of the Swamp {+Inv Int+2}
 15097 | Lair:3   | Reached ***** piety under Cheibriados
 15170 | Lair:3   | Found a frozen archway.
 15214 | IceCv    | Entered an ice cave
 15328 | IceCv    | Reached skill level 5 in Short Blades
 15703 | IceCv    | Reached skill level 8 in Spellcasting
 16683 | IceCv    | Noticed a reaper
 16693 | IceCv    | Killed a reaper
 17665 | Lair:4   | Gained mutation: Spells you cast may paralyse nearby
                  | enemies. [demonic ancestry]
 17665 | Lair:4   | Reached XP level 13. HP: 95/95 MP: 19/25
 17874 | Lair:4   | Learned a level 5 spell: Manifold Assault
 19607 | Lair:6   | Entered Level 6 of the Lair of Beasts
 19612 | Lair:6   | Reached ****** piety under Cheibriados
 20257 | Lair:6   | Reached skill level 5 in Long Blades
 20257 | Lair:6   | Reached skill level 9 in Spellcasting
 20346 | Lair:6   | Reached skill level 5 in Hexes
 21073 | Lair:6   | Reached XP level 14. HP: 103/103 MP: 13/27
 21131 | Lair:6   | Reached skill level 10 in Conjurations
 21388 | Lair:6   | Identified the +10 scimitar "Piammor" {freeze, rPois Str-4
                  | Int+3}
 21480 | Lair:6   | Reached skill level 1 in Shields
 22040 | Lair:6   | Found a viscous altar of Jiyva.
 22294 | D:9      | Noticed Psyche
 22302 | D:9      | Killed Psyche
 22329 | D:9      | Found a shimmering altar of Xom.
 22678 | D:10     | Found a transporter.
 22682 | D:10     | Noticed Dritkant's ghost (journeyman GnHu)
 22774 | D:10     | Found a transporter.
 23170 | D:10     | Bought a potion of experience for 650 gold pieces
 23170 | D:10     | Reached skill level 11 in Spellcasting
 23170 | D:10     | Reached XP level 15. HP: 108/110 MP: 27/30
 23210 | D:10     | Paralysed by a kobold brigand for 5 turns
 23360 | D:11     | Noticed Josephine
 23366 | D:11     | Killed Josephine
 23548 | D:11     | Noticed Urug
 23559 | D:11     | Killed Urug
 24439 | D:12     | Found a staircase to the Orcish Mines.
 25777 | D:13     | You fall into a shaft and drop 1 floor!
 25855 | D:14     | Found a gate to the Vaults.
 25930 | D:14     | Noticed Rupert
 26626 | D:14     | Reached XP level 16. HP: 38/118 MP: 6/31
 27047 | D:14     | Found Vucvoluc's Magic Scroll Boutique.
 27054 | D:14     | Identified the +2 falchion of the Boiling Point {speed,
                  | Int+2}
 27060 | D:14     | Bought a scroll of teleportation for 42 gold pieces
 27060 | D:14     | Bought a scroll of teleportation for 42 gold pieces
 27081 | D:14     | Paralysed by Rupert for 5 turns
 27083 | D:14     | Killed Rupert
 27348 | D:14     | Found Meryveph's Book Shoppe.
 27369 | D:14     | Found Fietish's Antique Weapon Boutique.
 28528 | D:15     | Entered Level 15 of the Dungeon
 28551 | D:15     | Found a staircase to the Depths.
 28997 | D:15     | Reached skill level 12 in Spellcasting
 29975 | D:15     | Found Jiqeos's General Store.
 30207 | Orc:1    | Entered Level 1 of the Orcish Mines
 30702 | Orc:2    | Entered Level 2 of the Orcish Mines
 30702 | Orc:2    | Found Ureig's Book Boutique.
 31130 | Orc:2    | Found Ejis's Distillery.
 31130 | Orc:2    | Found Xoacwul's Weapon Shop.
 31718 | Orc:2    | Found a staircase to the Elven Halls.
 31790 | Orc:2    | Found Qyprapp's Assorted Antiques.
 31827 | Orc:2    | Bought a scroll of blinking for 202 gold pieces
 31849 | Orc:2    | Found Saywy's Book Shop.
 31961 | Orc:2    | Found Gas Red's Antique Weapon Boutique.
 32350 | Orc:2    | Bought a manual of Long Blades for 1280 gold pieces
 32828 | Orc:2    | Identified the +11 battleaxe of Triumph {flame, +Blink
                  | rElec}
 33222 | Snake:1  | Entered Level 1 of the Snake Pit
 33390 | Snake:1  | Reached XP level 17. HP: 123/125 MP: 21/33
 35093 | Snake:1  | Reached skill level 10 in Invocations
 36240 | Snake:2  | Reached skill level 10 in Translocations
 36335 | Snake:2  | Reached skill level 13 in Spellcasting
 36594 | Snake:2  | Identified Roxanne's Precepts of Reformation
 36594 | Snake:2  | Noticed Roxanne
 36611 | Snake:2  | Killed Roxanne
 36620 | Snake:2  | Learned a level 5 spell: Irradiate
 36851 | Snake:2  | Learned a level 8 spell: Necromutation
 36936 | Snake:2  | Found Sauzuera's Distillery.
 36963 | Snake:2  | Found Loocukk's Assorted Antiques.
 36963 | Snake:2  | Found Haed's Distillery.
 36968 | Snake:2  | Found Tizeybykk's General Store.
 37518 | Snake:3  | Reached skill level 1 in Necromancy
 38158 | Snake:3  | Identified the +2 hat of Aluymiamp {Rampage rC+ Regen+
                  | Dex+2}
 38232 | Snake:3  | Reached skill level 1 in Transmutations
 39438 | Snake:4  | Entered Level 4 of the Snake Pit
 39446 | Snake:4  | Reached skill level 10 in Long Blades
 39612 | Snake:4  | Reached XP level 18. HP: 109/133 MP: 29/35
 40419 | Snake:4  | Noticed Aizul
 40426 | Snake:4  | Killed Aizul
 40926 | Snake:4  | Reached skill level 5 in Armour
 42150 | Snake:4  | HP: 5/134 [nagaraja/+0 halberd (16)]
 42152 | Snake:4  | Killed from afar by a nagaraja

Illustrated notes

Levels and vault maps discovered:
D:1:      sevenhm_arrival_forest_fort_large_2, layout_loops_ring,
          serial_bayou_pond_b
D:2:      layout_loops_ring, serial_bayou, serial_bayou_lagoon_a,
          serial_bayou_shore_b, serial_bayou_shore_b, serial_bayou_pond_a,
          minmay_crystal_room, minmay_quadrilaterals
D:3:      layout_basic, ebering_ghost_rock_garden, basic_ecumenical_altar,
          dreamdust_princess_corridor
D:4:      layout_loops_cross, nicolae_titane
D:5:      lemuel_insect_pit, layout_loops_ring,
          mainiacjoe_overflow_concentric_impassable
D:6:      layout_rooms
D:7:      layout_rooms, minmay_temple_entry_mini_moons, uniq_duvessa,
          uniq_pikel, uniq_maggie
D:8:      layout_basic
D:9:      layout_loops_ring, nicolae_overflow_hidden_temple, serial_aquarium,
          aquarium_bridge_island_small [aquarium_subvault_small_open,
          aquarium_subvault_balcony, aquarium_subvault_bridge,
          aquarium_subvault_bridge, aquarium_subvault_balcony],
          aquarium_bridge_long_joined [aquarium_subvault_bridge,
          aquarium_subvault_wall, aquarium_subvault_window,
          aquarium_subvault_wall, aquarium_subvault_bridge,
          aquarium_subvault_window], aquarium_window_fake, aquarium_window_2,
          aquarium_window_fake, aquarium_view_2e, uniq_psyche, uniq_erolcha,
          uniq_harold
D:10:     layout_roguey [special_room_kobold], dpeg_lair_monsters, serial_glass,
          glass_columns_b, glass_columns_c, item_on_display_a,
          minmay_strange_pillars, due_unseen_surprise, item_on_display_a,
          gammafunk_ghost_hive, minmay_shop_grid_forest
D:11:     layout_roguey, uniq_urug, uniq_josephine
D:12:     layout_layer_cave, david_orc_5, fungi_pond_lemuel, minmay_nine_imps
D:13:     minmay_bloctagon_deflated, layout_basic, nicolae_two_hexagons,
          minmay_misc_feat_cross, minmay_statue_bubble
D:14:     minmay_skewed_foursquare, layout_rooms, david_vaults_3, serial_shops,
          nicolae_inconvenience_store, nicolae_shop_crystal,
          nicolae_stop_n_shop_2, chequers_serial_rivers_micro_d
D:15:     grunt_enter_depths_giant_problem, layout_rooms, serial_shops,
          shop_statue, serial_bayou_pond_d
Temple:   kb_temple_of_zot
Lair:1:   layout_chaotic_city, uniq_gastronok, uniq_sonja
Lair:2:   layout_small_grid, minmay_shoals_entry_beasts,
          minmay_snake_entry_six_corridors, lemuel_fruit_tree
Lair:3:   layout_big_grid, portal_ice_cave_entry_ice_simulacra
Lair:4:   layout_roguey, chequers_serial_rivers_room_b
Lair:5:   wander_river, layout_cave_shapes, nicolae_lair_lil_pond
Lair:6:   minmay_lair_end_frog_pond, layout_cave_pods,
          minmay_slime_entry_oklob_enclosed
Snake:1:  layout_layer_cave, st_stairs_14, nicolae_large_snake_swirl,
          grunt_megastairs_1
Snake:2:  layout_grid_shapes, minmay_shoptagon, grunt_megastairs_2, uniq_roxanne
Snake:3:  layout_cave_town
Snake:4:  grunt_snake_rune_spirals, layout_onion, uniq_aizul
Orc:1:    layout_caves
Orc:2:    st_orc_open, layout_caves, serial_shops,
          nicolae_shop_advertising_works [nicolae_subvault_shop_adworks], shop,
          minmay_orc_treasury

Skill      XL: |  1  2  3  4  5  6  7  8  9 10 11 12 13 14 15 16 17 18 |
---------------+-------------------------------------------------------+-----
Dodging        | 2 3 4 5 6 7 8 |  8.9
Fighting       | 1 2 3 4 5 6 7 8 9 |  9.8
Stealth        | 2 3 4 5 6 7 |  7.8
Armour         | 1 2 3 4 5 |  5.2
Spellcasting   | 3 4 5 6 7 8 9 11 12 13 | 13.7
Translocations | 1 2 3 4 5 7 8 9 10 | 10.6
Conjurations   | 5 6 7 8 9 10 11 | 11.9
Short Blades   | 1 2 3 4 5 6 7 |  7.9
Evocations     | 1 2 3 4 5 6 7 8 9 |  9.7
Invocations    | 2 4 5 7 8 9 10 11 | 11.2
Long Blades    | 2 3 4 5 6 8 10 | 10.8
Hexes          | 2 4 5 6 7 8 |  8.4
Throwing       | 1 |  1.3
Shields        | 1 2 3 4 |  4.7
Necromancy     | 1 3 |  3.4
Transmutations | 1 2 |  2.6

Action                   |  1- 3 |  4- 6 |  7- 9 | 10-12 | 13-15 | 16-18 || total
-------------------------+-------+-------+-------+-------+-------+-------++-------
Melee: Unarmed           |    12 |       |       |       |       |       ||    12
       Dagger            |    40 |    31 |       |       |    11 |    80 ||   162
       Kick              |       |    10 |    18 |    87 |    90 |   179 ||   384
       Short sword       |       |    16 |    56 |   221 |    44 |       ||   337
       Punch             |       |       |     1 |     3 |       |       ||     4
       Scimitar          |       |       |       |       |   506 |  1078 ||  1584
Throw: Javelin           |       |     1 |       |       |       |       ||     1
       Dart              |       |       |     3 |    16 |     3 |    10 ||    32
 Cast: Magic Dart        |    62 |    77 |   135 |   228 |    73 |    43 ||   618
       Searing Ray       |       |     5 |    12 |    33 |     3 |       ||    53
       Iskenderun's Myst |       |       |     2 |   101 |    38 |    38 ||   179
       Fulminant Prism   |       |       |       |    12 |     6 |     9 ||    27
       Manifold Assault  |       |       |       |       |   184 |   377 ||   561
Invok: Slouch            |       |       |       |     1 |     1 |     2 ||     4
Evoke: Wand              |       |       |     6 |     6 |     2 |     4 ||    18
       Lightning rod     |       |       |       |       |     4 |    10 ||    14
       Tin of tremorston |       |       |       |       |       |     4 ||     4
       Box of beasts     |       |       |       |       |       |     1 ||     1
  Use: Scroll            |       |       |     1 |    13 |    17 |     7 ||    38
       Potion            |       |       |       |     7 |     1 |     3 ||    11
 Stab: Paralysed         |    11 |    26 |    36 |    32 |    32 |    27 ||   164
       Sleeping          |     2 |     1 |     1 |       |     1 |     1 ||     6
       Distracted        |       |       |       |     3 |     1 |       ||     4
       Invisible         |       |       |       |    11 |     5 |    12 ||    28
Armor: Robe              |    15 |       |       |       |       |       ||    15
       Leather armour    |     1 |    14 |    16 |       |       |       ||    31
       Steam dragon scal |       |       |     9 |    58 |    51 |    13 ||   131
       Chain mail        |       |       |       |    22 |       |   132 ||   154
Dodge: Dodged            |    55 |    23 |    63 |   252 |   243 |   300 ||   936
Block: Buckler           |       |       |       |    16 |   109 |   196 ||   321

Table legend: (Time is in decaauts)
 A = Elapsed time spent in this place.
 B = Non-inter-level travel time spent in this place.
 C = Inter-level travel time spent in this place.
 D = Time resting spent in this place.
 E = Time spent auto-exploring this place.
 F = Levels seen in this place.
 G = Mean time per level.
                   A        B        C        D        E       F      G
               +--------+--------+--------+--------+--------+-----+--------+
         Total |  55269 |  52809 |   2460 |   6888 |  38563 |  29 | 1905.8 |
       Dungeon |  24404 |  23039 |   1365 |   2189 |  17522 |  15 | 1626.9 |
        Temple |     98 |     58 |     40 |      0 |     42 |   1 |   98.0 |
          Lair |  12573 |  12104 |    469 |    970 |   9405 |   6 | 2095.5 |
     Snake Pit |  11983 |  11747 |    236 |   1962 |   8595 |   4 | 2995.8 |
  Orcish Mines |   4195 |   3848 |    347 |    439 |   2820 |   2 | 2097.5 |
      Ice Cave |   2014 |   2014 |      0 |   1327 |    178 |   1 | 2014.0 |
               +--------+--------+--------+--------+--------+-----+--------+

Top non-repeatable levels by time:
 Snake:1: 3475 daAuts
 Snake:4: 3149 daAuts
  Lair:6: 3035 daAuts
  Lair:2: 2915 daAuts
    D:10: 2782 daAuts
    D:12: 2769 daAuts
 Snake:3: 2696 daAuts
 Snake:2: 2662 daAuts
    D:14: 2587 daAuts
   Orc:2: 2513 daAuts
  Lair:5: 2154 daAuts
     D:8: 2087 daAuts
   IceCv: 2014 daAuts
    D:15: 1995 daAuts
  Lair:4: 1841 daAuts
